 Dungeon Crawl Stone Soup version 0.31-a0-221-gbddc013574 (webtiles) character file.

Game seed: 7507888401892115748

594781 olmar the Petrodigitator (level 26, -2/143 HPs)
             Began as a Gargoyle Earth Elementalist on July 4, 2023.
             Was an Initiate of Gozag.
             Slain by a black draconian knight
             ... wielding a +3 long sword of holy wrath
              (16 damage)
             ... on level 1 of the Realm of Zot on July 5, 2023.
             The game lasted 02:42:43 (92843 turns).

olmar the Petrodigitator (GrEE)                    Turns: 92843, Time: 02:42:44

Health: -2/143     AC: 33    Str: 13    XL:     26   Next: 43%
Magic:  23/72      EV: 19    Int: 27    God:    Gozag
Gold:   3632       SH:  9    Dex: 12    Spells: 50/79 levels left

rFire   + + .        o - staff of earth
rCold   + + .        G - +3 warlock's mirror {omnireflect}
rNeg    + + +        W - +2 steam dragon scales of Marbles {Regen+}
rPois   ∞            K - -2 hat of the Alchemist {rElec rPois rF+ rC+ rN+ Will+ rMut rCorr}
rElec   +            d - +2 cloak of Fevej {Rampage rPois rC+ MP+9}
rCorr   +            A - +3 pair of gauntlets of War {Slay+5}
SInv    +            H - +0 pair of boots
Will    +++..        U - amulet of a Hundred Artists {RegenMP rN+}
Stlth   +++          y - ring "Wihaq" {Will+ MP+9 EV+5 Dex+2}
HPRegen 1.23/turn    X - ring of the Trilobite {rF+ rCorr SInv}
MPRegen 0.83/turn

%: reflection, resist mutation, rampage
@: gold aura, flying, studying 4 skills
A: sickness immunity, AC +20, big wings, negative energy resistance 1,
electricity resistance, torment resistance 1, petrification resistance
}: 5/15 runes: barnacled, slimy, silver, abyssal, gossamer
a: Renounce Religion, Potion Petition, Call Merchant, Bribe Branch


You were on level 1 of the Realm of Zot.
You worshipped Gozag.
Gozag was most pleased with you.
You visited 11 branches of the dungeon, and saw 49 of its levels.
You visited the Abyss 1 time.
You also visited: Trove, Gauntlet and Ice Cave.

You collected 26638 gold pieces.
You spent 8490 gold pieces at shops.
You paid 14516 gold pieces to Gozag.

Inventory:

Armour
 b - the +4 robe "Anta" {rC+ Str+4}
   (You found it in a treasure trove)

   Str:       It affects your strength (+4).
   rC:        It protects you from cold.
 c - the +0 hat of Truth {rPois rF++ Regen+ Dex-3}
   (You found it in a treasure trove)

   Dex:       It affects your dexterity (-3).
   rF:        It greatly protects you from fire.
   rPois:     It protects you from poison.
   Regen:     It increases your rate of health regeneration.
 d - the +2 cloak of Fevej (worn) {Rampage rPois rC+ MP+9}
   (You found it on level 1 of the Elven Halls)

   rC:        It protects you from cold.
   rPois:     It protects you from poison.
   MP:        It affects your magic capacity (+9).
   Rampage:   It bestows one free step when moving towards enemies.
 g - the sphere of Battle
   (You found it in a treasure trove)

   It enhances your destructive magic.
   It weakens your non-destructive magic.
   It summons a battlesphere in combat, with strength depending on Conjurations
   skill.
 k - the +0 cloak of Huaz {rF+ rN+ Str-2}
   (You found it in a treasure trove)

   Str:       It affects your strength (-2).
   rF:        It protects you from fire.
   rN:        It protects you from negative energy.
 A - the +3 pair of gauntlets of War (worn) {Slay+5}
   (You bought it in a shop on level 2 of the Elven Halls)

   Slay:      It affects your accuracy & damage with ranged weapons and melee
   (+5).
 G - the +3 warlock's mirror (worn) {omnireflect}
   (You bought it in a shop on level 1 of the Vaults)

   Omnireflect: It can block and reflect piercing ranged attacks and magical
   attacks against the wielder's willpower.
 H - a +0 pair of boots (worn)
 K - the -2 hat of the Alchemist (worn) {rElec rPois rF+ rC+ rN+ Will+ rMut rCorr}
   (You bought it in a shop on level 1 of the Depths)

   rF:        It protects you from fire.
   rC:        It protects you from cold.
   rElec:     It insulates you from electricity.
   rPois:     It protects you from poison.
   rN:        It protects you from negative energy.
   rCorr:     It protects you from acid and corrosion.
   rMut:      It protects you from mutation.
   Will:      It increases your willpower.
 S - a scarf of repulsion
 W - the +2 steam dragon scales of Marbles (worn) {Regen+}
   (You bought it in a shop on level 2 of the Lair of Beasts)

   Regen:     It increases your rate of health regeneration.
Magical Staves
 o - a staff of earth (weapon)
Jewellery
 q - the ring of Ilusunaz {rF+ rC+ AC+4 Slay-5}
   (You took it off a deep elf sorcerer on level 3 of the Elven Halls)

   [ring of protection]

   AC:        It affects your AC (+4).
   Slay:      It affects your accuracy & damage with ranged weapons and melee
   (-5).
   rF:        It protects you from fire.
   rC:        It protects you from cold.
 y - the ring "Wihaq" (left hand) {Will+ MP+9 EV+5 Dex+2}
   (You acquired it on level 1 of the Elven Halls)

   [ring of evasion]

   EV:        It affects your evasion (+5).
   Dex:       It affects your dexterity (+2).
   MP:        It affects your magic capacity (+9).
   Will:      It increases your willpower.
 C - the ring "Ganim" {Contam rC+++ AC+4 Slay-6 Stlth+}
   (You took it off a yaktaur on level 5 of the Vaults)

   [ring of protection]

   AC:        It affects your AC (+4).
   Slay:      It affects your accuracy & damage with ranged weapons and melee
   (-6).
   rC:        It renders you almost immune to cold.
   Contam:    It causes magical contamination when unequipped.
   Stlth:     It makes you more stealthy.
 U - the amulet of a Hundred Artists (around neck) {RegenMP rN+}
   (You took it off a minotaur in a Gauntlet)

   [amulet of magic regeneration]

   It increases your rate of magic regeneration.
   rN:        It protects you from negative energy.
 V - the ring of Bodily Harmony {rN+ Will+ Str+2}
   (You bought it in a shop on level 1 of the Elven Halls)

   [ring of willpower]

   Str:       It affects your strength (+2).
   rN:        It protects you from negative energy.
   Will:      It increases your willpower.
 X - the ring of the Trilobite (right hand) {rF+ rCorr SInv}
   (You took it off a merfolk on level 4 of the Shoals)

   [ring of protection from fire]

   rF:        It protects you from fire.
   SInv:      It lets you see invisible.
   rCorr:     It protects you from acid and corrosion.
Wands
 m - a wand of roots (45)
 x - a wand of quicksilver (30)
 D - a wand of flame (79)
 I - a wand of polymorph (4)
 M - a wand of paralysis (51)
 Y - a wand of mindburst (13)
Scrolls
 a - 10 scrolls of fog
 h - 10 scrolls of teleportation
 i - 4 scrolls of blinking
 l - 5 scrolls of revelation
 p - 13 scrolls of enchant armour
 s - a scroll of enchant weapon
 u - 4 scrolls of butterflies
 B - 4 scrolls of poison
 L - 35 scrolls of identify
 R - 7 scrolls of fear
 T - 6 scrolls of immolation
Potions
 e - 7 potions of attraction
 f - 12 potions of cancellation
 j - 5 potions of resistance
 n - 6 potions of enlightenment
 r - 6 potions of haste
 t - 7 potions of ambrosia
 v - 13 potions of might
 E - 30 potions of curing
 F - 2 potions of magic
 J - 16 potions of lignification
 N - 12 potions of mutation
 P - 16 potions of heal wounds
 Q - 5 potions of brilliance
 Z - 4 potions of invisibility
Miscellaneous
 w - a phantom mirror
 z - a condenser vane (inert)


   Skills:
 + Level 8.6 Fighting
 + Level 8.8 Staves
 + Level 8.1 Dodging
 + Level 6.6 Stealth
 + Level 8.3 Shields
 O Level 27 Spellcasting
 + Level 23.8 Conjurations
 - Level 0.7 Transmutations
 O Level 27 Earth Magic


You had 50 spell levels left.
You knew the following spells:

 Your Spells              Type           Power      Damage    Failure   Level
a - Sandblast             Erth           100%       2d20      0%          1
b - Stone Arrow           Conj/Erth      100%       3d13      0%          3
c - Passwall              Tmut/Erth      87%        N/A       0%          2
d - Petrify               Tmut/Erth      100%       N/A       1%          4
e - Lee's Rapid Deconstr  Erth           67%        3d30*     0%          5
f - Leda's Unmaking       Conj/Erth      65%        9d11      0%          6
g - Lehudib's Crystal Sp  Conj/Erth      65%        10d15     1%          8

Your spell library contained the following spells:

 Spells                   Type           Power      Damage    Failure   Level
 Magic Dart               Conj           100%       1d8       0%          1
 Static Discharge         Conj/Air       100%       2-7/arc   0%          2
 Apportation              Tloc           72%        N/A       1%          1
 Blink                    Tloc           72%        N/A       1%          2
 Call Imp                 Summ           72%        N/A       1%          2
 Ensorcelled Hibernation  Hex/Ice        72%        N/A       1%          2
 Lesser Beckoning         Tloc           72%        N/A       1%          2
 Scorch                   Fire           72%        2d8       1%          2
 Wereblood                Tmut           40%        N/A       1%          2
 Dazzling Flash           Conj/Hex       100%       N/A       1%          3
 Hailstorm                Conj/Ice       79%        3d16      1%          3
 Mephitic Cloud           Conj/Pois/Air  68%        N/A       1%          3
 Animate Armour           Summ/Erth      100%       N/A       1%          4
 Flame Wave               Conj/Fire      79%        2d17      1%          4
 Fulminant Prism          Conj/Hex       39%        3d17      1%          4
 Iskenderun's Mystic Bla  Conj/Tloc      79%        2d16      1%          4
 Leda's Liquefaction      Hex/Erth       52%        N/A       1%          4
 Sticky Flame             Conj/Fire      79%        2d9       1%          4
 Arcjolt                  Conj/Air       39%        1d49      1%          5
 Borgnjor's Vile Clutch   Necr/Erth      52%        N/A       1%          5
 Irradiate                Conj/Tmut      40%        3d25      1%          5
 Conjure Ball Lightning   Conj/Air       39%        3x3d13    1%          6
 Frozen Ramparts          Ice            72%        1d11      2%          3
 Gell's Gravitas          Tloc           36%        N/A       2%          3
 Inner Flame              Hex/Fire       36%        N/A       2%          3
 Spider Form              Tmut/Pois      38%        N/A       2%          3
 Summon Guardian Golem    Hex/Summ       36%        N/A       2%          3
 Teleport Other           Tloc           36%        N/A       2%          3
 Tukima's Dance           Hex            36%        N/A       2%          3
 Vhi's Electric Charge    Tloc/Air       72%        N/A       2%          3
 Volatile Blastmotes      Fire/Tloc      72%        2d16      2%          3
 Ice Form                 Ice/Tmut       38%        N/A       9%          4
 Airstrike                Air            18%        2d(3-19)  10%         4
 Anguish                  Hex/Necr       18%        N/A       10%         4
 Cause Fear               Hex            18%        N/A       10%         4
 Dispel Undead            Necr           36%        3d15      10%         4
 Manifold Assault         Tloc           36%        N/A       10%         4
 Passage of Golubria      Tloc           36%        N/A       10%         4
 Summon Ice Beast         Ice/Summ       36%        N/A       10%         4
 Summon Lightning Spire   Summ/Air       36%        N/A       10%         4
 Blade Hands              Tmut           20%        N/A       21%         5
 Alistair's Intoxication  Tmut/Pois      25%        N/A       22%         5
 Yara's Violent Unravell  Hex/Tmut       19%        3d9       22%         5
 Agony                    Necr           36%        N/A       26%         5
 Metabolic Englaciation   Hex/Ice        18%        N/A       26%         5
 Silence                  Hex/Air        18%        N/A       26%         5
 Summon Forest            Summ/Tloc      18%        N/A       26%         5
 Eringya's Noxious Bog    Tmut/Pois      19%        N/A       77%         6
 Death Channel            Necr           18%        N/A       82%         6
 Dispersal                Tloc           18%        N/A       82%         6
 Plasma Beam              Fire/Air       18%        2x1d29    82%         6
 Summon Cactus Giant      Summ           18%        N/A       82%         6
 Dragon Form              Tmut           20%        N/A       99%         7
 Haunt                    Necr/Summ      18%        N/A       100%        7
 Malign Gateway           Summ/Tloc      18%        N/A       100%        7
 Ozocubu's Refrigeration  Ice            18%        4d11      100%        7
 Storm Form               Tmut/Air       19%        N/A       100%        7
 Summon Hydra             Summ           18%        N/A       100%        7
 Discord                  Hex            18%        N/A       100%        8
 Disjunction              Tloc           18%        N/A       100%        8
 Infestation              Necr           18%        N/A       100%        8
 Maxwell's Capacitive Co  Air            18%        ∞         100%        8
 Summon Horrible Things   Summ           18%        N/A       100%        8
 Dragon's Call            Summ           18%        N/A       100%        9
 Polar Vortex             Ice            18%        N/A       100%        9
 Cigotuvi's Dreadful Rot  Necr/Pois/Air  Unusable   N/A       N/A         2
 Sublimation of Blood     Necr           Unusable   N/A       N/A         2
 Statue Form              Tmut/Erth      Unusable   N/A       N/A         6
 Animate Dead             Necr           Unusable   N/A       N/A         4
 Simulacrum               Ice/Necr       Unusable   N/A       N/A         6

Dungeon Overview and Level Annotations

Branches:
Dungeon (15/15)            Temple (1/1) D:6            Lair (5/5) D:11
 Shoals (4/4) Lair:2       Spider (4/4) Lair:3        Slime (5/5) Lair:5
    Orc (2/2) D:10            Elf (3/3) Orc:2        Vaults (5/5) D:14
  Crypt (0/3) Vaults:3     Depths (4/4) D:15            Zot (1/5) Depths:4
  IceCv (visited)         Gauntlet (visited)

Altars:
Ashenzari
Cheibriados
Dithmenos
Elyvilon
Fedhas
Gozag
Hepliaklqana
Kikubaaqudgha
Makhleb
Nemelex Xobeh
Okawaru
Qazlal
Ru
Sif Muna
Trog
Uskayaw
Vehumet
Wu Jian
Xom
Yredelemnul
Zin
The Shining One
Jiyva
Lugonu

Shops:
D:6 [[[*:=   D:7 =   D:8 **   D:12 *[   Orc:2 *!([   Elf:1 =   Elf:2 *?!
Elf:3 ?   Lair:2 [   Vaults:1 [[?(   Vaults:2 *   Depths:1 [[*

Portals:
Hell: Depths:1 Depths:2 Depths:3 Depths:4
Abyss: Lair:5 Depths:1 Depths:3
Pandemonium: Depths:2 Depths:4
Ziggurat: Depths:2

Annotations:
D:6 3 runed translucent doors, reriks's ghost, novice DEFE
D:8 Gastronok
Lair:3 2 transporters, Rudyous's ghost, journeyman DsNe
Lair:4 3 runed translucent doors, Fagh's ghost, journeyman DsCK; Jyudgh's ghost, journeyman DjCj; Ocsitsuh's ghost, journeyman DgEE
Shoals:1 3 runed translucent doors, Mungiw's ghost, adept MiBe
Orc:2 2 runed translucent doors, Leavold's ghost, journeyman DEHu
Elf:2 exclusion: orange crystal statue
Vaults:3 2 transporters
Zot:1 Tiamat


Innate Abilities, Weirdness & Mutations

You are immune to sickness and miasma.
Your stone body is resilient. (AC +20)
You are immune to poison.
Your large and strong wings let you fly.
You resist negative energy. (rN+)
You are resistant to electric shocks. (rElec)
You are resistant to unholy torment.
You are immune to petrification.


Message History

The purple draconian roars!
You block the black draconian knight's attack.
The white draconian completely misses you.
Tiamat barely misses you.
The black draconian knight hits you with a +3 long sword of holy wrath.
Unknown command.
Casting: Lee's Rapid Deconstruction (safe; 0% risk of failure)
Confirm with . or Enter, or press ? or * to list all spells.
Aiming: Lee's Rapid Deconstruction (safe; 0% risk of failure)
Press: ? - help, Dir - move target A rock wall.
You feel a surge of power!
The wall shatters!
The blast of rock fragments hits the black draconian knight but does no damage.
The black draconian knight is severely wounded.
The blast of rock fragments hits the white draconian!!
You kill the white draconian!
The green draconian is no longer distracted by gold.
You block the green draconian's attack. The green draconian tail-slaps you.
Tiamat hits you from afar with a +0 glaive of flaming!!!
* * * LOW HITPOINT WARNING * * *
Tiamat burns you.
* * * LOW HITPOINT WARNING * * *
You block the black draconian knight's attack. [a] - 110 gold - heal wounds [b] - 336 gold - resistance and might [c] - 506 gold - brilliance, magic and haste Purchase which effect?
You feel much better.
The purple draconian is no longer distracted by gold.
The black draconian knight hits you but does no damage.
The purple draconian closely misses you.
The green draconian hits you but does no damage.
The green draconian closely misses you.
Tiamat hits you from afar with a +0 glaive of flaming!
* * * LOW HITPOINT WARNING * * *
Tiamat burns you.
* * * LOW HITPOINT WARNING * * *
The black draconian knight hits you with a +3 long sword of holy wrath!
You die...
Your body crumbles into a pile of gold.

#......# #......#
#......# ###......#
#........# #.....#
+..$..+
#....d#########
~~~~≈#.$ddd@q$.$..#
#≈≈≈ #.##########.#
##≈ #.# #≈#
###########.##≈≈≈
............#≈≈≈≈
#####)..)..#~~≈≈≈≈≈
..............~≈≈≈#
#..........~≈.~≈≈##
.........)..~.#~##


You could see Tiamat, a black draconian knight (fast, invisible), a green
draconian and 2 draconians.

Vanquished Creatures
  the Royal Jelly (Slime:5)
  3 dread liches
  An ancient lich (Vaults:5)
  A juggernaut (Depths:3)
  Sojobo (Depths:1)
  The ghost of Gucom the Sluggish Gnoll, a veteran GnFi of Cheibriados (Depths:1)
  Frederick (Vaults:2)
  A caustic shrike (Depths:2)
  9 golden dragons
  Nikola (Vaults:2)
  the Enchantress (Depths:3)
  4 bone dragons
  An electric golem (Zot:1)
  4 tentacled monstrosities
  5 liches
  Mlioglotl (Shoals:1)
  Rupert (D:12)
  A shard shrike skeleton (Abyss:3)
  4 deep elf blademasters (Elf:3)
  A deep elf master archer (Elf:3)
  6 titans
  8 acid blobs
  A quicksilver dragon (Vaults:5)
  A walking frostbound tome (Depths:2)
  A kraken (Shoals:4)
  5 sphinxes
  3 Executioners
  9 tentacled starspawn
  5 tengu reavers
  Frances (Spider:1)
  Kirke (Spider:1)
  7 shadow dragons
  6 storm dragons
  Roxanne (Spider:2)
  10 azure jellies
  13 rockslimes
  Ilsuiw (Shoals:4)
  5 fire giants
  A draconian knight (Depths:4)
  A daeva (Abyss:4)
  5 emperor scorpions
  Louise (Shoals:1)
  Aizul (Vaults:1)
  10 frost giants
  3 iron dragons
  4 ghost moths
  7 deep elf sorcerers
  An angel (Abyss:4)
  6 draconian stormcallers
  10 vault wardens
  A cacodemon (Abyss:2)
  2 deep elf elementalists (Elf:3)
  4 balrugs
  12 quicksilver oozes
  10 ironbound preservers
  2 war gargoyles (Vaults:5)
  An orc warlord (Vaults:1)
  2 broodmothers
  A reaper (Abyss:2)
  5 ironbound thunderhulks
  31 very ugly things
  7 spriggan defenders
  13 stone giants
  2 formless jellyfish (Slime:3)
  A formless jellyfish (shapeshifter) (Depths:2)
  4 green draconians (Zot:1)
  7 deep elf annihilators
  A vampire knight (Vaults:3)
  2 black draconians (Zot:1)
  A minotaur (shapeshifter) (Depths:2)
  2 purple draconians (Depths:4)
  A minotaur (Gauntlet)
  8 dire elephants
  3 yellow draconians
  6 deep elf demonologists
  A lorocyproca (Abyss:5)
  4 white draconians
  2 crystal guardians
  17 spark wasps
  An eidolon (Abyss:2)
  13 merfolk impalers
  4 ettins
  4 fire dragons
  7 deep elf death magi
  4 entropy weavers
  22 yaktaur captains
  7 deep elf high priests
  5 merfolk javelineers (Shoals:4)
  15 great orbs of eyes
  Josephine (D:11)
  6 ice dragons
  27 vault guards
  A rakshasa (Depths:2)
  5 hydras
  2 peacekeepers
  4 spriggan air magi
  6 ironbound frosthearts
  14 centaur warriors
  A spriggan skeleton (Abyss:2)
  2 catoblepae
  A death knight (D:14)
  2 radroaches (Spider:3)
  8 two-headed ogres
  6 merfolk avatars
  3 deep troll shamans
  An alligator snapping turtle (Shoals:4)
  2 tengu warriors
  A death scarab (Gauntlet)
  4 merfolk aquamancers
  2 satyrs
  5 death yaks
  4 spriggan berserkers
  7 boulder beetles
  3 orc high priests
  28 dancing weapons
  9 deep troll earth magi
  8 hell hogs
  5 sun demons
  15 thrashing horrors
  2 soul eaters
  12 demonic crawlers
  19 wretched stars
  A hell knight (Depths:2)
  A shock serpent (shapeshifter) (Depths:2)
  21 deep elf knights
  6 iron trolls
  3 sixfirhies
  7 spriggans
  A salamander mystic (Depths:3)
  2 spatial maelstroms
  3 skeletal warriors
  Amaemon (Lair:2)
  4 skysharks
  5 pharaoh ants
  2 sun moths
  39 deep trolls
  9 sea snakes
  A death drake (Abyss:2)
  A storm dragon skeleton (Depths:1)
  An orange crystal statue (Elf:2)
  2 shadow demons
  A sea snake (shapeshifter) (Depths:2)
  An orb spider (shapeshifter) (Depths:2)
  2 flayed ghosts
  3 glowing orange brains
  7 orb spiders
  9 lindwurms
  4 phantasmal warriors
  35 large abominations
  19 ironbound convokers
  10 harpies
  2 kraken simulacra (Shoals:4)
  A tengu zombie (D:15)
  7 orc knights
  5 steelbarb worms
  38 deep elf zephyrmancers
  9 wizards
  12 deep elf archers
  27 deep elf pyromancers
  A mana viper (Abyss:4)
  A steelbarb worm (shapeshifter) (Depths:2)
  8 necromancers
  An oklob plant (Lair:4)
  A fire giant zombie (D:15)
  2 stone giant zombies
  4 shining eyes
  8 manticores
  An orc sorcerer (Elf:1)
  14 wolf spiders
  3 salamanders (Depths:3)
  50 ugly things
  A manticore (shapeshifter) (Abyss:4)
  Maurice (D:12)
  7 fauns
  A frost giant zombie (D:15)
  19 elephants
  2 moths of wrath (Zot:1)
  A dire elephant zombie (Abyss:3)
  11 merfolk sirens
  A fire giant skeleton (D:15)
  3 worldbinders
  4 black mambas
  6 apocalypse crabs
  13 cyclopes
  36 starcursed masses
  A guardian serpent (shapeshifter) (Depths:2)
  2 gargoyles
  2 eyes of devastation
  A black mamba (shapeshifter) (Depths:2)
  4 water nymphs
  A torpor snail (shapeshifter) (Depths:3)
  2 torpor snails
  A rust devil (Depths:4)
  10 smoke demons
  21 vault sentinels
  7 cane toads
  An ice statue (IceCv)
  2 unseen horrors
  9 orange demons
  2 kobold demonologists
  34 yaktaurs
  2 hellions
  5 rime drakes
  8 komodo dragons
  A golden dragon simulacrum (Depths:1)
  A tormentor (Abyss:3)
  3 tengu conjurers
  3 efreet
  13 ice devils
  10 ancient zymes
  10 freezing wraiths
  2 anaconda simulacra (IceCv)
  2 queen bees
  7 trolls
  6 meliai
  6 red devils
  A merfolk (shapeshifter) (Abyss:2)
  2 polar bears
  10 hornets
  25 merfolk
  4 hellwings
  17 blink frogs
  2 elf zombies (Vaults:3)
  A hornet (shapeshifter) (Lair:5)
  27 tarantellas
  A dream sheep (shapeshifter) (Depths:2)
  6 wind drakes
  A snapping turtle (shapeshifter) (Depths:2)
  14 raiju
  13 dream sheep
  A raiju (shapeshifter) (D:15)
  8 snapping turtles
  14 culicivoras
  82 slime creatures
  An air elemental (Elf:2)
  17 jumping spiders
  3 dire elephant simulacra (IceCv)
  3 shadows
  A culicivora (shapeshifter) (Depths:2)
  8 ynoxinuls
  A spriggan (shapeshifter) (Depths:2)
  9 wraiths
  48 yaks
  15 water elementals
  3 wyverns
  4 vampires
  A steam dragon (D:7)
  Grum (D:8)
  2 golden eyes (shapeshifter)
  15 golden eyes
  4 fire elementals
  2 hogs (Spider:1)
  6 fire bats (Abyss:2)
  4 chaos spawn
  4 vampire mosquitoes (D:13)
  5 basilisks
  A harpy simulacrum (IceCv)
  Menkaure (D:5)
  6 death yak simulacra (IceCv)
  32 redbacks
  A spectral cane toad (Gauntlet)
  8 spatial vortices
  A neqoxec (Abyss:3)
  3 acid dragons
  4 wargs
  2 two-headed ogre zombies (D:10)
  21 water moccasins
  A floating eye (Slime:5)
  An ice beast (D:5)
  40 orc warriors
  2 black bears
  An ettin simulacrum (Abyss:2)
  34 small abominations
  A tengu (shapeshifter) (Depths:2)
  9 ogres
  13 centaurs
  A wolf (shapeshifter) (Vaults:5)
  2 phantoms (D:10)
  10 wolves
  4 kobold brigands
  11 bullfrogs
  5 gnoll sergeants
  3 earth elementals (Elf:1)
  6 cane toad simulacra (IceCv)
  A two-headed ogre simulacrum (IceCv)
  2 scorpions
  3 troll zombies (D:10)
  11 wights
  A killer bee (shapeshifter) (Depths:2)
  49 killer bees
  A swamp dragon simulacrum (Abyss:2)
  An electric eel (D:6)
  4 howler monkeys
  2 lava snakes (D:11)
  A quasit (Abyss:2)
  A gnoll bouda (D:7)
  A jelly (D:5)
  19 orc priests
  An iron imp (Abyss:3)
  A sleepcap (D:5)
  3 iguanas
  22 orc wizards
  13 hell rats (Lair:1)
  5 polar bear simulacra (IceCv)
  3 wolf simulacra (IceCv)
  A spriggan simulacrum (IceCv)
  3 ogre zombies (D:10)
  27 gnolls
  2 adders
  2 naga simulacra (IceCv)
  11 river rats (Lair:1)
  5 shadow imps
  10 white imps
  2 ufetubi
  4 dart slugs
  3 worms
  73 orcs
  7 ball pythons
  4 endoplasms
  A giant cockroach (shapeshifter) (Depths:2)
  6 giant cockroaches
  12 hobgoblins
  15 jackals
  17 kobolds
  13 quokkas
  9 bats
  6 frilled lizards
  A goblin (D:1)
  A goblin skeleton (D:10)
  4 goblin zombies (D:10)
  3 hobgoblin skeletons (D:10)
  3 hobgoblin zombies (D:10)
  3 orc skeletons (D:10)
  11 orc zombies (D:10)
  16 rats
  2 lurking horrors
  6 starspawn tentacles
  A tentacle (Shoals:4)
2348 creatures vanquished.

Vanquished Creatures (others)
  A deep elf master archer (Elf:3)
  An ugly thing (Depths:4)
  A large abomination (Abyss:4)
  An air elemental (Elf:3)
  A human (Spider:1)
  3 small abominations (Abyss:2)
  A warg (shapeshifter) (Depths:4)
  6 starspawn tentacles
  8 tentacles (Shoals:4)
23 creatures vanquished.

Grand Total: 2371 creatures vanquished

Notes
Turn   | Place    | Note
-------+----------+-------------------------------------------
     0 | D:1      | olmar the Gargoyle Earth Elementalist began the quest for
                  | the Orb.
     0 | D:1      | Reached XP level 1. HP: 10/10 MP: 3/3
   257 | D:1      | Reached XP level 2. HP: 15/15 MP: 3/5
   464 | D:1      | Reached XP level 3. HP: 19/19 MP: 3/6
  1293 | D:2      | Reached XP level 4. HP: 24/24 MP: 6/8
  1580 | D:2      | Learned a level 3 spell: Stone Arrow
  1583 | D:2      | Learned a level 2 spell: Passwall
  2427 | D:3      | Reached skill level 5 in Earth Magic
  2435 | D:3      | Reached XP level 5. HP: 22/28 MP: 3/9
  2463 | D:3      | Learned a level 4 spell: Petrify
  3388 | D:4      | Reached XP level 6. HP: 26/32 MP: 6/12
  4273 | D:5      | Entered Level 5 of the Dungeon
  4431 | D:5      | Noticed a black bear
  4698 | D:5      | Reached XP level 7. HP: 36/36 MP: 10/14
  4996 | D:5      | Reached skill level 5 in Spellcasting
  5515 | D:5      | Noticed Menkaure
  5521 | D:5      | Killed Menkaure
  5522 | D:5      | Reached XP level 8. HP: 41/41 MP: 8/16
  6081 | D:6      | Found a runed translucent gate.
  6081 | D:6      | Found a runed translucent gate.
  6082 | D:6      | Found a runed translucent gate.
  6084 | D:6      | Found a radiant altar of Vehumet.
  6093 | D:6      | Identified the +8 falchion of the Messenger {drain, Str+3}
  6179 | D:6      | Found a staircase to the Ecumenical Temple.
  6287 | Temple   | Entered the Ecumenical Temple
  6287 | Temple   | Found a transporter.
  6287 | Temple   | Found a transporter.
  6289 | Temple   | Found a transporter.
  6289 | Temple   | Found a transporter.
  6339 | D:6      | Found Heyhas's Antique Armour Shoppe.
  6371 | D:6      | Found Hepsoc's Antique Armour Boutique.
  6374 | D:6      | Found Omasogo's Antique Armour Shoppe.
  6374 | D:6      | Found Cumuliss's Assorted Antiques.
  6393 | D:6      | Found Zoimnept's Book Shoppe.
  6393 | D:6      | Found Gogeg's Jewellery Boutique.
  6680 | D:6      | Reached skill level 1 in Conjurations
  6916 | D:6      | Noticed reriks's ghost (novice DEFE)
  7755 | D:7      | Reached XP level 9. HP: 45/45 MP: 1/19
  8234 | D:7      | Noticed a hornet
  8236 | D:7      | Killed a hornet
  8237 | D:7      | Reached skill level 10 in Earth Magic
  8405 | D:7      | Found Bout's Jewellery Shop.
  8626 | D:8      | Found Qaxim's Assorted Antiques.
  8631 | D:8      | Noticed Grum
  8816 | D:8      | Reached skill level 1 in Fighting
  8894 | D:8      | Reached skill level 5 in Conjurations
  9003 | D:8      | Killed Grum
  9151 | D:8      | Noticed Gastronok
  9470 | D:8      | Found Cej Cofu's Overcharged Wands.
 10198 | D:8      | Reached XP level 10. HP: 52/52 MP: 9/22
 11040 | D:9      | Noticed a two-headed ogre
 11046 | D:9      | Killed a two-headed ogre
 11138 | D:9      | Identified the +0 helmet of the Unbroken {SInv}
 11180 | D:9      | Found an ancient bone altar of Kikubaaqudgha.
 11420 | D:9      | Found an opulent altar of Gozag.
 11429 | D:9      | Became a worshipper of Gozag Ym Sagoz the Greedy
 11939 | D:10     | Entered Level 10 of the Dungeon
 12120 | D:10     | Found a blossoming altar of Fedhas.
 12201 | D:9      | Reached XP level 11. HP: 30/58 MP: 7/24
 12332 | D:10     | Found a broken altar of Ashenzari.
 12610 | D:10     | Noticed a two-headed ogre
 12634 | D:10     | Killed a two-headed ogre
 12635 | D:10     | Reached skill level 10 in Spellcasting
 13308 | D:10     | Found a staircase to the Orcish Mines.
 15263 | Orc:1    | Entered Level 1 of the Orcish Mines
 15672 | D:11     | Learned a level 5 spell: Lee's Rapid Deconstruction
 15779 | D:11     | Learned a level 6 spell: Leda's Unmaking
 15888 | D:11     | Noticed a cyclops
 15890 | D:11     | Killed a cyclops
 16204 | D:11     | Reached XP level 12. HP: 64/64 MP: 14/27
 16602 | D:11     | Noticed a boulder beetle
 16742 | D:11     | Killed a boulder beetle
 17014 | D:11     | Noticed Josephine
 17019 | D:11     | Killed Josephine
 17032 | D:11     | Reached skill level 15 in Earth Magic
 17284 | D:11     | Identified the +0 robe of Verdant Amelioration {-Tele rPois
                  | Dex-3 Slay+4}
 17333 | D:11     | Found a staircase to the Lair.
 17779 | D:12     | Noticed Maurice
 17783 | D:12     | Killed Maurice
 18026 | D:6      | Bought an embroidered robe for 88 gold pieces
 18542 | Lair:1   | Entered Level 1 of the Lair of Beasts
 18714 | Lair:1   | Reached skill level 10 in Conjurations
 20381 | Lair:2   | You fall into a shaft and drop 2 floors!
 20390 | Lair:4   | Reached XP level 13. HP: 61/70 MP: 9/29
 20941 | Lair:3   | Found a frozen archway.
 20951 | IceCv    | Entered an ice cave
 23017 | IceCv    | Found an ancient bone altar of Kikubaaqudgha.
 23773 | Lair:3   | Found a bloodstained altar of Trog.
 23773 | Lair:3   | Noticed Rudyous's ghost (journeyman DsNe)
 23786 | Lair:3   | Found a transporter.
 24177 | Lair:3   | Found a hole to the Spider Nest.
 24374 | Lair:3   | Found a transporter.
 24509 | Lair:4   | Gained mutation: Your large and strong wings let you fly.
                  | [Gargoyle growth]
 24509 | Lair:4   | Reached XP level 14. HP: 76/76 MP: 5/32
 24978 | Lair:4   | Found a runed translucent gate.
 24979 | Lair:4   | Found a runed translucent gate.
 24981 | Lair:4   | Found a runed translucent gate.
 24983 | Lair:4   | Noticed Fagh's ghost (journeyman DsCK)
 24983 | Lair:4   | Noticed Ocsitsuh's ghost (journeyman DgEE)
 24983 | Lair:4   | Noticed Jyudgh's ghost (journeyman DjCj)
 26186 | Lair:5   | Entered Level 5 of the Lair of Beasts
 27227 | Lair:5   | Reached skill level 15 in Spellcasting
 27436 | Lair:5   | Found a viscous altar of Jiyva.
 27436 | Lair:5   | Found a staircase to the Slime Pits.
 31160 | Lair:5   | Reached XP level 15. HP: 81/81 MP: 27/34
 32333 | Lair:5   | Found a corrupted altar of Lugonu.
 32333 | Lair:5   | Found a one-way gate to the infinite horrors of the Abyss.
 32628 | Lair:2   | Noticed Amaemon
 32632 | Lair:2   | Killed Amaemon
 32928 | Lair:2   | Found a staircase to the Shoals.
 34259 | Orc:1    | Reached skill level 5 in Fighting
 35192 | Orc:2    | Entered Level 2 of the Orcish Mines
 36020 | Orc:2    | Found a large runed translucent door.
 36020 | Orc:2    | Found a large runed translucent door.
 36209 | Orc:2    | Found a staircase to the Elven Halls.
 36280 | Orc:2    | Noticed Leavold's ghost (journeyman DEHu)
 37700 | Orc:2    | Found Maycifai's Weapon Shop.
 37700 | Orc:2    | Found Xuuch's Distillery.
 37700 | Orc:2    | Found Icacong's Assorted Antiques.
 37703 | Orc:2    | Found Naer Xupn's Antique Armour Boutique.
 37708 | Orc:2    | Bought 2 potions of heal wounds for 150 gold pieces
 37708 | Orc:2    | Bought a potion of curing for 45 gold pieces
 37708 | Orc:2    | Bought a potion of curing for 45 gold pieces
 37708 | Orc:2    | Bought a potion of might for 60 gold pieces
 37708 | Orc:2    | Bought a potion of invisibility for 120 gold pieces
 37708 | Orc:2    | Bought a potion of mutation for 120 gold pieces
 37716 | Orc:2    | Bought a potion of heal wounds for 110 gold pieces
 37716 | Orc:2    | Bought a scroll of identify for 44 gold pieces
 37716 | Orc:2    | Bought 3 scrolls of identify for 132 gold pieces
 37716 | Orc:2    | Bought a scroll of teleportation for 66 gold pieces
 37721 | Orc:2    | Identified a scroll of acquirement
 37867 | Elf:1    | Entered Level 1 of the Elven Halls
 37944 | Elf:1    | Acquired the ring "Wihaq" {Will+ MP+9 EV+5 Dex+2}
 38440 | Elf:1    | Found Rigomic's Jewellery Shoppe.
 38452 | Elf:1    | Bought the ring of Bodily Harmony {rN+ Will+ Str+2} for 565
                  | gold pieces
 39570 | Elf:1    | Reached XP level 16. HP: 87/87 MP: 22/36
 40578 | Elf:1    | Identified the +2 cloak of Fevej {Rampage rPois rC+ MP+9}
 40584 | Elf:1    | Got the Discourse on Assistive Battling
 40884 | Elf:1    | Noticed a Brimstone Fiend
 41411 | D:11     | Found a runed translucent door.
 41438 | D:11     | Found a runed translucent gate.
 41440 | D:11     | Found a runed translucent gate.
 41441 | D:11     | Found a runed translucent gate.
 41441 | D:11     | Found a runed translucent gate.
 41441 | D:11     | Found a runed translucent gate.
 41465 | D:11     | Found a runed translucent gate.
 42017 | D:12     | Found a portal to a secret trove of treasure.
 42365 | D:12     | Noticed Rupert
 42369 | D:12     | Killed Rupert
 43713 | D:13     | Found a stormy altar of Qazlal.
 46654 | D:14     | Found a gate to the Vaults.
 46881 | D:15     | Entered Level 15 of the Dungeon
 46881 | D:15     | Found a staircase to the Depths.
 46992 | D:15     | Reached XP level 17. HP: 43/91 MP: 12/39
 47001 | D:15     | Found an iron altar of Okawaru.
 47001 | D:15     | Found a gate leading to a gauntlet.
 47010 | Gauntlet | Entered a Gauntlet
 47010 | Gauntlet | Found a transporter.
 47010 | Gauntlet | Found a transporter.
 47013 | Gauntlet | Found a transporter.
 47014 | Gauntlet | Found a transporter.
 47017 | Gauntlet | Found a transporter.
 47017 | Gauntlet | Found a transporter.
 47133 | Gauntlet | Found a runed translucent door.
 47133 | Gauntlet | Found a runed translucent door.
 47137 | Gauntlet | Found a transporter.
 47141 | Gauntlet | Found a transporter.
 47152 | Gauntlet | Found a transporter.
 47162 | Gauntlet | Found a runed translucent door.
 47170 | Gauntlet | Found a transporter.
 47187 | Gauntlet | Found a transporter.
 47191 | Gauntlet | Found a transporter.
 47389 | Gauntlet | Identified the +2 leather armour of Nutaunai {rF+ Int+3
                  | Dex+3}
 47644 | Gauntlet | Identified the amulet of a Hundred Artists {RegenMP rN+}
 47672 | Gauntlet | Identified the ring of Pupun {Fire Str+2 SInv}
 47673 | Gauntlet | Got the Precepts of Transportation and Pyromancy
 48124 | D:15     | Found an opulent altar of Gozag.
 49890 | Elf:2    | Found Uhurunyqe's Magic Scroll Emporium.
 49898 | Elf:2    | Found Romegaa's Distillery.
 49901 | Elf:2    | Got the Spellbook of the Birds
 49905 | Elf:2    | Bought a potion of heal wounds for 90 gold pieces
 49905 | Elf:2    | Bought a potion of heal wounds for 90 gold pieces
 49905 | Elf:2    | Bought a potion of curing for 54 gold pieces
 49905 | Elf:2    | Bought a potion of curing for 54 gold pieces
 49905 | Elf:2    | Bought a potion of curing for 54 gold pieces
 49905 | Elf:2    | Bought a potion of brilliance for 72 gold pieces
 49917 | Elf:2    | Bought the +3 pair of gauntlets of War {Slay+5} for 570
                  | gold pieces
 49917 | Elf:2    | Found the +3 pair of gauntlets of War {Slay+5}
 49917 | Elf:2    | Bought a potion of curing for 36 gold pieces
 49917 | Elf:2    | Bought a potion of magic for 96 gold pieces
 49917 | Elf:2    | Bought a scroll of revelation for 90 gold pieces
 50635 | Elf:2    | Found a huge runed translucent gate.
 50635 | Elf:2    | Found a huge runed translucent gate.
 50635 | Elf:2    | Found a huge runed translucent gate.
 50635 | Elf:2    | Found a huge runed translucent gate.
 50636 | Elf:2    | Found a huge runed translucent gate.
 51261 | Elf:3    | Entered Level 3 of the Elven Halls
 52003 | Elf:3    | Found Qeareis's Magic Scroll Shoppe.
 52008 | Elf:3    | Bought a scroll of revelation for 120 gold pieces
 52008 | Elf:3    | Bought a scroll of teleportation for 48 gold pieces
 52008 | Elf:3    | Bought a scroll of butterflies for 64 gold pieces
 52129 | Elf:3    | Noticed a deep elf master archer
 52141 | Elf:3    | Killed a deep elf master archer
 52159 | Elf:3    | Killed a deep elf master archer
 52412 | Elf:3    | Noticed a deep elf blademaster
 52443 | Elf:3    | Killed a deep elf blademaster
 53100 | Elf:3    | Noticed a deep elf blademaster
 53104 | Elf:3    | Killed a deep elf blademaster
 53317 | Elf:3    | Reached XP level 18. HP: 96/96 MP: 40/41
 53462 | Elf:3    | Identified the ring of Ilusunaz {rF+ rC+ AC+4 Slay-5}
 53467 | Elf:3    | Noticed a deep elf blademaster
 53479 | Elf:3    | Killed a deep elf blademaster
 53723 | Elf:3    | Identified the +8 eveningstar "Fuyqoog" {holy, Drain rC+
                  | rCorr}
 54028 | Elf:3    | Noticed a deep elf blademaster
 54035 | Elf:3    | Killed a deep elf blademaster
 54313 | Elf:3    | Identified the ring of Accord {Will+ AC+4}
 54534 | Elf:3    | Found the +3 Mad Mage's Maulers {Infuse+∞ VampMP -Cast}
 54543 | Elf:3    | Got Sif Muna's Volume of the Foul Oath
 54548 | Elf:3    | Got Hykyet's Precepts of Mutagenic Skeletons
 54566 | Elf:3    | Identified the +8 giant spiked club of the Undead {spect,
                  | Int+3}
 54577 | Elf:3    | Got Zyifi Bawol's Encyclopedia of Peregrination
 56618 | Depths:1 | Entered Level 1 of the Depths
 57518 | Depths:1 | Found a runed translucent door.
 58291 | Depths:1 | Found a sparkling altar of Nemelex Xobeh.
 58293 | Depths:1 | Noticed Sojobo
 58303 | Depths:1 | Killed Sojobo
 58513 | Depths:1 | Reached XP level 19. HP: 81/101 MP: 35/43
 58517 | Depths:1 | Found a gateway to Hell.
 58793 | Depths:1 | Noticed Gucom's ghost (veteran GnFi)
 58818 | Depths:1 | Killed Gucom's ghost
 58925 | Depths:1 | Identified the staff of Devotion {rElec SInv Air}
 59449 | Spider:1 | Entered Level 1 of the Spider Nest
 59540 | Spider:1 | Noticed Frances
 59545 | Spider:1 | Killed Frances
 59979 | Spider:1 | Noticed Kirke
 60002 | Spider:1 | Killed Kirke
 61028 | Spider:2 | Noticed Roxanne
 61036 | Spider:2 | Killed Roxanne
 62148 | Spider:3 | Learned a level 8 spell: Lehudib's Crystal Spear
 62602 | Spider:4 | Entered Level 4 of the Spider Nest
 64228 | Spider:4 | Identified the +5 spear of Deformation {freeze, +Blink rN+
                  | Str+4}
 64307 | Spider:4 | Reached skill level 1 in Staves
 64307 | Spider:4 | Reached XP level 20. HP: 93/107 MP: 41/45
 64481 | Spider:4 | Got a gossamer rune of Zot
 64960 | Shoals:1 | Entered Level 1 of the Shoals
 64968 | Lair:2   | Bought heavily runed steam dragon scales for 1440 gold
                  | pieces
 64968 | Lair:2   | Identified the +2 steam dragon scales of Marbles {Regen+}
                  | (You bought it in a shop on level 2 of the Lair of Beasts)
 65028 | Shoals:1 | Reached skill level 15 in Conjurations
 65127 | Shoals:1 | Noticed Louise
 65135 | Shoals:1 | Killed Louise
 65318 | Shoals:1 | Found a runed translucent gate.
 65318 | Shoals:1 | Found a runed translucent gate.
 65318 | Shoals:1 | Found a runed translucent gate.
 65323 | Shoals:1 | Noticed Mungiw's ghost (adept MiBe)
 65374 | Shoals:1 | Noticed Mlioglotl
 65379 | Shoals:1 | Killed Mlioglotl
 68230 | Shoals:4 | Entered Level 4 of the Shoals
 68671 | Shoals:4 | Noticed Ilsuiw
 68944 | Shoals:4 | Identified the ring of the Trilobite {rF+ rCorr SInv}
 69112 | Shoals:4 | Reached skill level 27 in Earth Magic
 69429 | Shoals:4 | Killed Ilsuiw
 69437 | Shoals:4 | Got a barnacled rune of Zot
 70174 | Vaults:1 | Entered Level 1 of the Vaults
 70174 | Vaults:1 | Noticed Aizul
 70179 | Vaults:1 | Killed Aizul
 70369 | Vaults:1 | Reached XP level 21. HP: 112/112 MP: 27/47
 71151 | Vaults:1 | Found Ukhucul's Weapon Shoppe.
 71185 | Vaults:1 | Bought a scroll of enchant armour for 142 gold pieces
 71185 | Vaults:1 | Bought a scroll of teleportation for 57 gold pieces
 71185 | Vaults:1 | Bought a scroll of silence for 180 gold pieces
 71187 | Vaults:1 | Bought the +3 warlock's mirror {omnireflect} for 560 gold
                  | pieces
 71187 | Vaults:1 | Found the +3 warlock's mirror {omnireflect}
 72112 | Vaults:2 | Reached skill level 1 in Shields
 72145 | Vaults:2 | Noticed Frederick
 72150 | Vaults:2 | Killed Frederick
 72809 | Vaults:2 | Noticed Nikola
 72814 | Vaults:2 | Killed Nikola
 73558 | Vaults:2 | Found Juitin's Assorted Antiques.
 73566 | Vaults:2 | Bought a potion of heal wounds for 160 gold pieces
 73566 | Vaults:2 | Bought a potion of haste for 320 gold pieces
 73566 | Vaults:2 | Bought a scroll of blinking for 240 gold pieces
 74343 | Vaults:3 | Reached XP level 22. HP: 106/117 MP: 45/49
 74555 | Vaults:3 | Found a transporter.
 74585 | Vaults:3 | Found a staircase to the Crypt.
 75413 | Vaults:3 | Found a transporter.
 75656 | Vaults:3 | Noticed an ancient lich
 77221 | Vaults:5 | Entered Level 5 of the Vaults
 77221 | Vaults:5 | Noticed an ancient lich
 77221 | Vaults:5 | Noticed a golden dragon
 77224 | Vaults:5 | Killed a golden dragon
 77332 | Vaults:5 | Identified the +8 long sword of the Other Side {heavy,
                  | *Rage rC+ Will++ Dex+3 Stlth-}
 77448 | Vaults:5 | Noticed a dread lich
 77454 | Vaults:5 | Killed a dread lich
 77629 | Vaults:5 | Killed an ancient lich
 77796 | Vaults:5 | Noticed a golden dragon
 77800 | Vaults:5 | Killed a golden dragon
 77814 | Vaults:5 | Reached XP level 23. HP: 113/122 MP: 12/51
 78232 | Vaults:5 | Got a silver rune of Zot
 78327 | Vaults:5 | Noticed a golden dragon
 78331 | Vaults:5 | Killed a golden dragon
 78422 | Vaults:5 | Noticed a dread lich
 78424 | Vaults:5 | Killed a dread lich
 78582 | Vaults:5 | Noticed a golden dragon
 78587 | Vaults:5 | Killed a golden dragon
 78609 | Vaults:5 | Identified the +1 falchion of Crusades {drain, *Corrode
                  | rElec Str-5 Dex+9}
 78772 | Vaults:5 | Identified the +6 glaive of the Tentacled God {venom, Fly
                  | rF+ Str+3 SInv}
 78866 | Vaults:5 | Identified the ring "Ganim" {Contam rC+++ AC+4 Slay-6
                  | Stlth+}
 79118 | Vaults:5 | Identified the +9 quarterstaff "Jojuor" {flame, rPois
                  | Str+6}
 79383 | Vaults:5 | Noticed a golden dragon
 79389 | Vaults:5 | Killed a golden dragon
 80205 | Slime:1  | Entered Level 1 of the Pits of Slime
 80353 | Slime:1  | You are sucked into a shaft and drop 1 floor!
 80776 | Slime:5  | Entered Level 5 of the Pits of Slime
 80776 | Slime:5  | Found the +7 lajatang of Order {silver, rMut}
 80835 | Slime:5  | Gained mutation: Your body sometimes deteriorates upon
                  | taking damage. [a shining eye]
 81231 | Slime:5  | Found a viscous altar of Jiyva.
 81345 | Slime:5  | Noticed the Royal Jelly
 81358 | Slime:5  | Killed the Royal Jelly
 81463 | Slime:5  | Gained mutation: You are frail. (-10% HP) [a shining eye]
 81510 | Slime:5  | Got a slimy rune of Zot
 81538 | Slime:5  | Identified the +5 sling "Ynaus" {antimagic, rCorr Str+3
                  | Int-4}
 81539 | Slime:5  | Identified the ring "Yrhapn" {rPois Dex+4}
 82013 | Slime:3  | Reached XP level 24. HP: 115/115 MP: 18/52
 83569 | Depths:1 | Bought the -2 hat of the Alchemist {rElec rPois rF+ rC+ rN+
                  | Will+ rMut rCorr} for 2171 gold pieces
 83569 | Depths:1 | Found the -2 hat of the Alchemist {rElec rPois rF+ rC+ rN+
                  | Will+ rMut rCorr}
 83618 | Depths:2 | Found a one-way gateway to a ziggurat.
 83899 | Depths:2 | Found a one-way gate leading to the halls of Pandemonium.
 84038 | Depths:2 | Reached skill level 5 in Dodging
 84331 | Depths:2 | Reached skill level 5 in Staves
 84526 | Depths:2 | Noticed a caustic shrike
 84530 | Depths:2 | Killed a caustic shrike
 84540 | Depths:2 | Identified the amulet "Wuskyar" {Reflect rCorr Int+3 SH+5}
 84541 | Depths:2 | Identified the +7 rapier of Chagrin {venom, Str+3}
 85070 | Depths:2 | Identified the +1 robe of Supple Strength {-Tele Rampage
                  | Str+7}
 85958 | Depths:3 | Found a runed translucent door.
 85960 | Depths:3 | Noticed a juggernaut
 85968 | Depths:3 | Killed a juggernaut
 86209 | Depths:3 | Noticed the Enchantress
 86440 | Depths:3 | Identified the +4 ring mail "Sefigg" {Harm}
 86681 | Depths:3 | Killed the Enchantress
 86946 | Depths:4 | Entered Level 4 of the Depths
 87120 | Depths:4 | Reached skill level 5 in Shields
 87814 | Depths:4 | Reached XP level 25. HP: 119/119 MP: 40/53
 88079 | Depths:4 | Reached skill level 27 in Spellcasting
 88703 | Depths:4 | Found a gate to the Realm of Zot.
 89400 | D:12     | You paid a toll of a +5 demon trident to enter a treasure
                  | trove
 89401 | Trove    | Entered a treasure trove
 89403 | Trove    | Found the sphere of Battle
 89410 | Trove    | Identified the +4 robe "Anta" {rC+ Str+4}
 89414 | Trove    | Identified the +1 buckler of Qeisaut {Dex+3}
 89416 | Trove    | Identified the +0 pair of gloves of Pitugaru {rElec rPois
                  | rF-}
 89418 | Trove    | Identified the +0 hat of Truth {rPois rF++ Regen+ Dex-3}
 89421 | Trove    | Identified the +0 cloak of Huaz {rF+ rN+ Str-2}
 89427 | Trove    | Identified the +5 scale mail of Hairiness {Str+3 Dex+2
                  | SInv}
 89467 | D:12     | Bought a potion of enlightenment for 95 gold pieces
 89467 | D:12     | Bought a scroll of blinking for 142 gold pieces
 89578 | Depths:3 | Voluntarily entered the Abyss.
 89596 | Abyss:2  | Found a corrupted altar of Lugonu.
 89837 | Abyss:2  | Reached skill level 5 in Stealth
 89857 | Abyss:2  | Found a corrupted altar of Lugonu.
 90572 | Abyss:2  | Paralysed by you for 2 turns
 90834 | Abyss:3  | Noticed a dread lich
 90838 | Abyss:3  | Killed a dread lich
 90997 | Abyss:3  | Found a corrupted altar of Lugonu.
 91385 | Abyss:4  | Found a corrupted altar of Lugonu.
 91401 | Abyss:4  | Found a corrupted altar of Lugonu.
 91468 | Abyss:4  | Found a corrupted altar of Lugonu.
 91744 | Abyss:4  | Reached XP level 26. HP: 126/126 MP: 54/54
 91789 | Abyss:4  | Paralysed by you for 2 turns
 92338 | Abyss:5  | Noticed a dread lich
 92344 | Abyss:6  | Found a corrupted altar of Lugonu.
 92373 | Abyss:6  | Got an abyssal rune of Zot
 92444 | Depths:3 | Escaped the Abyss
 92532 | Depths:3 | Lost mutation: You are frail. (-10% HP) [potion of
                  | mutation]
 92532 | Depths:3 | Lost mutation: Your body sometimes deteriorates upon taking
                  | damage. [potion of mutation]
 92580 | Zot:1    | Entered Level 1 of the Realm of Zot
 92832 | Zot:1    | Found the +4 dragonskin cloak
 92832 | Zot:1    | Noticed Tiamat
 92842 | Zot:1    | HP: 6/143 [Tiamat/+0 glaive of flaming (4)]
 92843 | Zot:1    | Slain by a black draconian knight

Illustrated notes

Levels and vault maps discovered:
D:1:      lightli_arrival_chessboard, layout_loops_ring,
          wander_ebering_terrifying_dragon_lair
D:2:      layout_basic, nrook_campfire, due_unseen_surprise
D:3:      layout_loops_ring
D:4:      layout_loops_corners, hangedman_minor_gate_pass
D:5:      layout_basic, uniq_menkaure
D:6:      layout_cave_pods, vehumet_altar_wand_db, minmay_temple_entry_statues,
          biasface_ghost_orc_armoury, serial_shops,
          nicolae_shop_pleasant_corner_grove, nicolae_wooded_promenade
D:7:      layout_loops_cross, serial_shops, shop
D:8:      layout_basic, nicolae_stop_n_shop_1, nicolae_shop_overcharged_wands,
          uniq_gastronok, uniq_grum
D:9:      layout_small_grid, kiku_gazebo_pond_becter,
          nicolae_overflow_crystal_walls
D:10:     layout_roguey [special_room_bee], mainiacjoe_overflow_brackets,
          fedhas_altar_1, zombieorc2_lemuel, minmay_beelzebubs_servants
D:11:     gammafunk_indiana_jones, layout_loops_corners,
          grunt_lair_entry_orc_guard_hut, minmay_misc_feat_ornament,
          grunt_ministairs_6, uniq_josephine
D:12:     minmay_angry_zag, layout_stronghold, enter_trove_0, uniq_maurice,
          uniq_rupert
D:13:     layout_cave_pools, chequers_mini_garden, minivault_20,
          nicolae_qazlal_scattered_showers
D:14:     cheibrodos_monumental, layout_basic, david_vaults_1,
          minmay_misc_feat_diagonals, minmay_misc_feat_secret_circle
D:15:     gammafunk_depths_entry_grave, layout_irregular_city,
          gauntlet_entry_generic, nicolae_gozag_cash_rules_everything_around_me,
          okawaru_ov_weapons_minmay
Temple:   hellmonk_temple_divided_pantheon
Lair:1:   lemuel_ratsnest, layout_regular_city, infiniplex_staircase_pool_2
Lair:2:   layout_loops_ring, elwin_shoals_entry_stream, uniq_amaemon
Lair:3:   layout_gridlike, hellmonk_spider_entry_not_the_bees,
          portal_ice_cave_entry_pillars_2, gammafunk_ghost_wrathful_warriors,
          minmay_hedge_maze, grunt_megastairs_2
Lair:4:   layout_roguey, gammafunk_ghost_cemetery, minivault_27
Lair:5:   hellmonk_lair_end_abyssal_woods, layout_cave_pods, slime_entry_1,
          grunt_megastairs_1, serial_bayou_shore_b
Shoals:1: layout_shoals, ebering_ghost_rock_garden, uniq_mlioglotl, uniq_louise
Shoals:2: layout_shoals
Shoals:3: cheibrodos_shoals_gigantism, layout_shoals
Shoals:4: shoals_end_grunt_ice, layout_shoals, shoals_ilsuiw_alternative
Spider:1: layout_spider_delve, uniq_frances, uniq_kirke
Spider:2: layout_spider_delve, uniq_roxanne
Spider:3: layout_cave_pods, nicolae_crawler_farm
Spider:4: spider_rune_water
Slime:1:  layout_caves
Slime:2:  layout_caves
Slime:3:  layout_caves
Slime:4:  layout_caves
Slime:5:  slime_pit_nicolae_jellycorners
Orc:1:    layout_caves, bh_open_orc_temple
Orc:2:    st_orc_rangers, layout_diamond_mine, ebering_ghost_disaster_area
Elf:1:    layout_geoelf_diagonals, serial_shops, shop, minmay_elf_sorcery,
          library_closet
Elf:2:    elven_hall_of_blades_hangedman_alternative
          [nicolae_blade_little_rooms], layout_gridlike, minivault_15,
          corexii_hall_statues_l, minmay_shoptagon
Elf:3:    minmay_elf_hall_circle, layout_geoelf_diagonals, serial_shops,
          nicolae_shop_stone, hangedman_elf_simple_split, lemuel_flamethrower_3
Vaults:1: nicolae_vaults_asterisk, v_alt_pattern_2, ontoclasm_vaults_chip,
          nicolae_vaults_six-pack, nicolae_vaults_surprise_closet, v_rooms_4,
          nicolae_vaults_tetromino_Z_1, grunt_vaults_hallway_short,
          layout_vaults_quadrants, serial_shops, nicolae_shop_real_fake_doors,
          uniq_aizul
Vaults:2: nicolae_vaults_shipping_containers_1, nicolae_vaults_tetromino_L_1,
          nicolae_vaults_shrinking_rooms_2, nicolae_vaults_back_hallway,
          hangedman_vaults_stream, vaults_room_door_hall,
          nicolae_vaults_little_squares_2, nicolae_vaults_hexular_roomagon,
          hangedman_vaults_stagger, nicolae_vaults_storage_room_glass,
          ontoclasm_vaults_shuriken, nicolae_vaults_closet_pinwheel_1,
          vaults_room_pool, v_pattern_1, layout_vaults_maze, serial_shops,
          nicolae_shop_advertising_works [nicolae_subvault_shop_adworks],
          uniq_nikola, uniq_frederick
Vaults:3: minmay_crypt_entry_vampire_xt, hangedman_vaults_snaps,
          nicolae_vaults_big_ls, gammafunk_its_a_trap,
          ontoclasm_vaults_decontamination, nicolae_vaults_wine_cellar,
          nicolae_vaults_closet_pinwheel_3, nicolae_vaults_wrenched,
          hangedman_vaults_maws, nicolae_vaults_house_1,
          nicolae_vaults_specimen_jars, nicolae_vaults_double_plus_3,
          nicolae_vaults_lightning_bolt, nicolae_vaults_trapezoid_2,
          nicolae_vaults_tetromino_Z_2, layout_vaults_omnibox
Vaults:4: hangedman_vaults_locks, nicolae_vaults_trapezoid_layered,
          nicolae_vaults_closet_pinwheel_1, nicolae_vaults_house_3,
          dpeg_vaults_monster_row, nicolae_vaults_offset_grid_hallway_3,
          vaults_dpeg_ring, layout_vaults_omnicross
Vaults:5
Depths:1: layout_gridlike, hellmouth_1, abyss_entry,
          ebering_ghost_reflecting_pool, chequers_big_river, drop_trap,
          nemelex_altar_shiori, uniq_sojobo
Depths:2: vault_1, layout_basic, enter_ziggurat_b, serial_curves,
          eino_curves_04, eino_curves_04, pan_entry, hell_entry, drop_trap
Depths:3: minmay_gate_of_8, layout_cave_pools, hangedman_abyss_or_decor_slice,
          pf_coc_iceberg, abyss_entry_crystal, uniq_enchantress
Depths:4: evilmike_zot_entry_argh, layout_cave_pools, grunt_pan_entry_sceptre,
          hell_entry, roderic_lattice_a, uniq_josephina
Zot:1:    kennysheep_room_grid, layout_basic, uniq_tiamat

Skill      XL: |  1  2  3  4  5  6  7  8  9 10 11 12 13 14 15 16 17 18 19 20 21 22 23 24 25 26 |
---------------+-------------------------------------------------------------------------------+-----
Earth Magic    | 4 5 6 7 8 9 11 12 14 15 17 19 20 22 23 25 26 27 | 27.0
Spellcasting   | 3 4 5 7 8 9 11 12 14 15 16 18 19 20 21 22 23 24 25 26 27 | 27.0
Conjurations   | 3 5 7 9 10 11 12 13 14 16 17 19 20 21 23 | 23.8
Fighting       | 1 2 3 4 5 6 8 |  8.6
Dodging        | 2 3 4 5 7 8 |  8.1
Stealth        | 3 4 6 |  6.6
Staves         | 1 2 3 4 5 7 8 |  8.8
Shields        | 2 3 4 5 7 8 |  8.3
Transmutations | |  0.7

Action                     |  1- 3 |  4- 6 |  7- 9 | 10-12 | 13-15 | 16-18 | 19-21 | 22-24 | 25-27 || total
---------------------------+-------+-------+-------+-------+-------+-------+-------+-------+-------++-------
  Melee: Unarmed           |    24 |     1 |       |       |       |       |       |       |     1 ||    26
         Falchion          |       |       |    28 |   254 |   189 |       |       |       |       ||   471
         Punch             |       |       |       |     3 |     6 |       |       |       |       ||     9
         Staff             |       |       |       |       |    57 |    31 |   277 |   272 |   564 ||  1201
  Throw: Dart              |       |       |     2 |       |       |       |       |       |       ||     2
         Throwing net      |       |       |       |       |       |       |     1 |       |       ||     1
   Cast: Sandblast         |    55 |    83 |    45 |    25 |    13 |     1 |     2 |       |     1 ||   225
         Passwall          |       |     3 |       |       |       |       |       |       |       ||     3
         Stone Arrow       |       |       |    96 |   291 |   130 |    15 |       |       |       ||   532
         Petrify           |       |       |     1 |     5 |       |     1 |       |       |       ||     7
         Lee's Rapid Decon |       |       |       |    40 |   220 |   315 |   123 |   152 |   155 ||  1005
         Leda's Unmaking   |       |       |       |     6 |   207 |   191 |   569 |   579 |   222 ||  1774
         Lehudib's Crystal |       |       |       |       |       |       |    61 |    29 |    50 ||   140
 Invoke: Potion Petition   |       |       |       |       |     1 |       |     1 |       |     3 ||     5
         Call Merchant     |       |       |       |       |       |     1 |     4 |     3 |     2 ||    10
  Evoke: Wand              |       |       |       |    11 |    44 |     4 |     1 |     3 |     3 ||    66
         Condenser vane    |       |       |       |       |       |     1 |     1 |     1 |     1 ||     4
    Use: Potion            |     1 |     2 |       |       |    10 |     3 |     2 |     2 |     7 ||    27
         Scroll            |       |     4 |     5 |     5 |    16 |     8 |     2 |     5 |     1 ||    46
   Stab: Distracted        |       |       |       |     3 |     1 |       |     3 |       |     4 ||    11
         Petrified         |       |       |       |    12 |       |       |       |       |       ||    12
         Paralysed         |       |       |       |       |     4 |       |       |       |       ||     4
         Sleeping          |       |       |       |       |       |       |       |     1 |       ||     1
 Armour: Robe              |    30 |    15 |    49 |   248 |   331 |    44 |   106 |       |       ||   823
         Steam dragon scal |       |       |       |       |       |       |   139 |   198 |   177 ||   514
         Skin              |       |       |       |       |       |       |       |       |     3 ||     3
  Dodge: Dodged            |    38 |    12 |    73 |   335 |   442 |   104 |   294 |   272 |   259 ||  1829
         Repelled          |       |       |       |       |       |       |     9 |       |       ||     9
  Block: Buckler           |       |       |       |       |       |       |    67 |   141 |   150 ||   358
         Reflection        |       |       |       |       |       |       |    16 |    28 |     7 ||    51

Table legend: (Time is in decaauts)
 A = Elapsed time spent in this place.
 B = Non-inter-level travel time spent in this place.
 C = Inter-level travel time spent in this place.
 D = Time resting spent in this place.
 E = Time spent auto-exploring this place.
 F = Levels seen in this place.
 G = Mean time per level.
                   A        B        C        D        E       F      G
               +--------+--------+--------+--------+--------+-----+--------+
         Total |  93135 |  88015 |   5120 |  33202 |  40500 |  58 | 1605.8 |
       Dungeon |  26815 |  24558 |   2257 |   8376 |  12870 |  15 | 1787.7 |
        Temple |     42 |     42 |      0 |      0 |      1 |   1 |   42.0 |
          Lair |  13082 |  12277 |    805 |   5961 |   4609 |   5 | 2616.4 |
        Shoals |   5239 |   4962 |    277 |    383 |   3734 |   4 | 1309.8 |
   Spider Nest |   5454 |   5240 |    214 |   1750 |   2679 |   4 | 1363.5 |
    Slime Pits |   3148 |   3059 |     89 |    634 |   1831 |   5 |  629.6 |
  Orcish Mines |   4166 |   3947 |    219 |   1651 |   1693 |   2 | 2083.0 |
   Elven Halls |  10645 |  10185 |    460 |   6415 |   2669 |   3 | 3548.3 |
        Vaults |   9867 |   9413 |    454 |   2081 |   5835 |   5 | 1973.4 |
        Depths |   8222 |   7882 |    340 |   3436 |   3302 |   4 | 2055.5 |
           Zot |    257 |    257 |      0 |     55 |    106 |   1 |  257.0 |
         Abyss |   2826 |   2826 |      0 |    604 |    325 |   6 |  471.0 |
         Trove |     57 |     57 |      0 |      0 |      0 |   1 |   57.0 |
      Ice Cave |   2577 |   2577 |      0 |   1670 |    569 |   1 | 2577.0 |
      Gauntlet |    731 |    731 |      0 |    184 |    277 |   1 |  731.0 |
               +--------+--------+--------+--------+--------+-----+--------+

Top non-repeatable levels by time:
  Lair:5: 5336 daAuts
    D:10: 3696 daAuts
   Elf:2: 3624 daAuts
   Elf:1: 3586 daAuts
   Elf:3: 3434 daAuts
    D:11: 3388 daAuts
  Lair:4: 2683 daAuts
Depths:1: 2656 daAuts
Vaults:5: 2627 daAuts
   IceCv: 2577 daAuts
    D:14: 2249 daAuts
   Orc:2: 2151 daAuts
    D:12: 2097 daAuts
     D:8: 2069 daAuts
Depths:2: 2062 daAuts
